 Dungeon Crawl Stone Soup version 0.27.1-15-g792fb953b9 (webtiles) character file.

Game seed: 15310613210876552842

660 Descartes the Covert (level 7, 0/35 HPs)
             Began as a Spriggan Delver on Nov 19, 2021.
             Slain by a gnoll shaman (7 damage)
             ... on level 3 of the Dungeon.
             The game lasted 00:16:41 (6210 turns).

Descartes the Covert (Spriggan Delver)              Turns: 6210, Time: 00:16:41

Health: 0/35       AC:  3    Str: 10    XL:     7   Next: 30%
Magic:  12/12      EV: 19    Int: 12    God:
Gold:   137        SH:  0    Dex: 16    Spells: 10/11 levels left

rFire    . . .     SeeInvis +   a - +0 short sword
rCold    . . .     Faith    .   (shield restricted)
rNeg     . . .     Spirit   .   s - +0 robe
rPois    .         Reflect  .   (helmet restricted)
rElec    .         Harm     .   A - +0 cloak
rCorr    .         Rampage  .   (gloves unavailable)
Will     +....                  (boots unavailable)
Stlth    ++++......             (no amulet)
HPRegen  0.11/turn              (no ring)
MPRegen  0.13/turn              (no ring)

@: very quick
A: very small, no large weapons, unfitting armour, see invisible, speed 3
a: no special abilities


You were on level 3 of the Dungeon.
You visited 1 branch of the dungeon, and saw 5 of its levels.

You collected 137 gold pieces.

Inventory:

Hand Weapons
 a - a +0 short sword (weapon)
 b - a +0 hunting sling
 x - a +3 flail of holy wrath
 z - a +2 quarterstaff of chaos
Missiles
 h - 62 arrows
 l - 145 stones (quivered)
 p - 23 sling bullets
 y - 10 boomerangs
Armour
 s - a +0 robe (worn)
 A - a +0 cloak (worn)
Magical Staves
 u - a staff of fire
Wands
 g - a wand of digging (5)
Scrolls
 c - a scroll of fog
 d - 2 scrolls of magic mapping
 i - 2 scrolls of teleportation {unknown}
 j - 2 scrolls of immolation {unknown}
 k - 2 scrolls of identify {unknown}
 m - a scroll of blinking {unknown}
 q - a scroll of enchant armour {unknown}
 v - a scroll of noise {unknown}
Potions
 e - 3 potions of curing {unknown}
 f - a potion of haste
 n - 2 potions of attraction {unknown}
 o - a potion of lignification {unknown}
 r - a potion of invisibility {unknown}
 t - a potion of might {unknown}
 w - a potion of ambrosia {unknown}
 B - a potion of degeneration {unknown}


   Skills:
 - Level 2.4 Fighting
 + Level 5.7 Short Blades
 + Level 2.4 Slings
 + Level 4.5 Dodging
 + Level 9.1 Stealth
 + Level 2.8 Spellcasting
 + Level 2.0 Air Magic


You had 10 spell levels left.
You knew the following spells:

 Your Spells              Type           Power      Damage    Failure   Level
a - Shock                 Conj/Air       16%        1d4       17%         1

Your spell library contained the following spells:

 Spells                   Type           Power      Damage    Failure   Level
 Swiftness                Air            6%         N/A       32%         3
 Airstrike                Air            3%         N/A       71%         4
 Hailstorm                Conj/Ice       1%         3d3       94%         4
 Ice Form                 Ice/Tmut       1%         N/A       94%         4
 Simulacrum               Ice/Necr       0%         N/A       100%        6


Dungeon Overview and Level Annotations

Branches:
Dungeon (5/15)
 Temple: D:4-7

Altars:
Elyvilon
Sif Muna

Shops:
D:4 *


Innate Abilities, Weirdness & Mutations

You are very small and have problems with some larger weapons.
You are too small for most types of armour.
You have supernaturally acute eyesight. (SInv)
You cover ground extremely quickly. (Speed+++)


Message History

The gnoll shaman is severely wounded.
The gnoll shaman hits you with a +0 club!
You are too injured to fight recklessly!
You are too injured to fight recklessly!
You are too injured to fight recklessly!
You are too injured to fight recklessly!
You are too injured to fight recklessly!
You are too injured to fight recklessly!
You closely miss the gnoll shaman.
The gnoll shaman is severely wounded.
The gnoll shaman utters an invocation to its god.
The gnoll shaman is healed somewhat.
You hit the gnoll shaman but do no damage.
The gnoll shaman is moderately wounded.
The gnoll shaman hits you with a +0 club.
* * * LOW HITPOINT WARNING * * *
You hit the gnoll shaman.
The gnoll shaman is heavily wounded.
The gnoll shaman closely misses you.
You barely miss the gnoll shaman.
The gnoll shaman is heavily wounded.
You hit the gnoll shaman but do no damage.
The gnoll shaman is heavily wounded.
The gnoll shaman closely misses you.
You hit the gnoll shaman but do no damage.
The gnoll shaman is heavily wounded.
The gnoll shaman mumbles some strange prayers to its god.
The gnoll shaman is healed somewhat.
You hit the gnoll shaman.
The gnoll shaman is heavily wounded.
The gnoll shaman barely misses you.
You hit the gnoll shaman.
The gnoll shaman is heavily wounded.
The gnoll shaman barely misses you.
You closely miss the gnoll shaman.
The gnoll shaman is heavily wounded.
You hit the gnoll shaman.
The gnoll shaman is almost dead.
The gnoll shaman hits you with a +0 club!
You die...

..# #..............# #.##
#..####......#.# ...#
#..#.........#.# #..#
#..#.#.......#.# #..#######
#..#.#.#####.#.#
.........#######..#.........#.#
...............#..###.#####.#.#
..........####.#..# #....<#.#.#
................@.#########.#.#
..........####...g..........#.#
..........# #..#############.#
..).......# #................#
###.....#.# ##)############..##
# #.....#^# #.# #............#
# #.....#.# #.# #.########.###
# #.....#.#####.###.# #.#
###.....#...........# #.#


You could see a gnoll shaman.

Vanquished Creatures
  2 water moccasins (D:4)
  2 scorpions (D:4)
  A jelly (D:4)
  Crazy Yiuf (D:3)
  A centaur skeleton (D:5)
  Ijyb (D:5)
  Terence (D:3)
  2 hound skeletons
  6 gnolls
  3 adders
  An adder skeleton (D:4)
  2 worms
  2 dart slugs
  7 orcs
  7 ball pythons
  3 bats
  6 endoplasms
  A giant cockroach (D:1)
  7 hobgoblins
  3 jackals (D:2)
  4 quokkas
  2 frilled lizards
  8 goblins
  10 kobolds
  5 rats
88 creatures vanquished.

Notes
Turn   | Place    | Note
-------+----------+-------------------------------------------
     0 | D:5      | Descartes the Spriggan Delver began the quest for the Orb.
     0 | D:5      | Reached XP level 1. HP: 11/11 MP: 2/2
     5 | D:5      | Noticed Ijyb
    12 | D:5      | Killed Ijyb
    13 | D:5      | Reached XP level 2. HP: 16/16 MP: 3/3
    21 | D:5      | Noticed an ogre
    21 | D:5      | Noticed a yak
    25 | D:5      | Reached XP level 3. HP: 15/19 MP: 4/4
    90 | D:5      | Reached XP level 4. HP: 9/23 MP: 5/5
   311 | D:4      | Reached skill level 8 in Stealth
   350 | D:4      | Noticed a scorpion
   775 | D:3      | Noticed Terence
   869 | D:4      | Found a shimmering blue altar of Sif Muna.
  1205 | D:2      | Reached skill level 5 in Short Blades
  1390 | D:1      | Reached XP level 5. HP: 17/27 MP: 6/6
  1699 | D:1      | Found a faded altar of an unknown god.
  2063 | D:1      | Learned a level 1 spell: Shock
  3669 | D:3      | Reached skill level 1 in Spellcasting
  4087 | D:3      | Killed Terence
  4088 | D:3      | Reached skill level 1 in Slings
  4363 | D:3      | Found a runed translucent door.
  4364 | D:3      | Noticed Crazy Yiuf
  4458 | D:3      | Reached XP level 6. HP: 32/32 MP: 7/9
  4475 | D:3      | Reached skill level 1 in Air Magic
  4919 | D:3      | Killed Crazy Yiuf
  5119 | D:4      | Found a white marble altar of Elyvilon.
  5378 | D:4      | Found Qusion's Serpentskin Sales.
  5378 | D:4      | Noticed a water moccasin
  5378 | D:4      | Noticed a water moccasin
  5380 | D:4      | Killed a water moccasin
  5383 | D:4      | Killed a water moccasin
  5384 | D:4      | Reached skill level 9 in Stealth
  5384 | D:4      | Reached XP level 7. HP: 35/35 MP: 9/11
  6210 | D:3      | Slain by a gnoll shaman

Illustrated notes

Levels and vault maps discovered:
D:1:      minmay_arrival_shattered_statue, layout_loops_cross,
          ebering_ecumenical_altar_abandoned
D:2:      layout_loops_ring
D:3:      layout_basic, chequers_serial_rivers_room_a, uniq_crazy_yiuf_cottage,
          uniq_terence
D:4:      layout_basic, elyvilon_altar_1, mainiacjoe_overflow_alcove_1,
          serial_corexii_hall, corexii_hall_statues_i,
          chequers_hall_statues_corner_a, chequers_hall_statues_y,
          chequers_hall_statues_corner_a, guppyfry_shop_venom
D:5:      layout_basic, grunt_decor_junction, uniq_ijyb

Skill      XL: |  1  2  3  4  5  6  7 |
---------------+----------------------+-----
Short Blades   | 3 4 5 |  5.7
Stealth        | 8 9 |  9.1
Dodging        | 3 4 |  4.5
Spellcasting   | 1 2 |  2.8
Slings         | 1 2 |  2.4
Air Magic      | 1 2 |  2.0
Fighting       | |  2.4

Action                   |  1- 3 |  4- 6 |  7- 9 || total
-------------------------+-------+-------+-------++-------
Melee: Short sword       |    22 |   219 |    50 ||   291
 Fire: Hunting sling     |       |   138 |    32 ||   170
  Use: Scroll            |       |     2 |       ||     2
 Stab: Sleeping          |     1 |    27 |       ||    28
Armor: Robe              |     6 |    14 |     3 ||    23
Dodge: Dodged            |    21 |   149 |    24 ||   194
